 Dungeon Crawl Stone Soup version 0.29-a0-813-g4a14ea37d6 (webtiles) character file.

Game seed: 11467766749257098518

233220 wingedge the Impaler (level 18, -2/249 HPs)
             Began as a Minotaur Berserker on July 4, 2022.
             Was the Champion of Trog.
             Succumbed to an emperor scorpion's poison
             ... on level 2 of the Spider Nest on July 5, 2022.
             The game lasted 02:38:10 (28864 turns).

wingedge the Impaler (Minotaur Berserker)          Turns: 28864, Time: 02:38:10

Health: -2/249     AC: 27    Str: 29    XL:     18   Next: 84%
Magic:  1/27       EV: 12    Int:  7    God:    Trog [******]
Gold:   3055       SH: 26    Dex: 11    Spells: 17/17 levels left

rFire   + . .      SeeInvis .   b - +7 demon trident (vamp)
rCold   + + .      Faith    .   x - +4 tower shield
rNeg    . . .      Spirit   .   p - +2 ring mail {rPois}
rPois   +          Reflect  .   J - +3 hat of Pondering {ponderous, Will+ MP+10 Int+5}
rElec   .          Harm     .   B - +2 cloak {rCorr}
rCorr   +          Rampage  +   A - +1 pair of gloves
Will    ++++.      Clarity  +   y - +2 pair of boots "Pageh" {Rampage rC++}
Stlth   ..........              D - amulet of regeneration
HPRegen 2.31/turn               O - ring of protection from fire
MPRegen 0.20/turn               w - ring of the Tortoise {AC+8}

@: berserking, lethally poisoned (-2 -> -17), strong-willed, corroded,
regenerating, studying Necromancy, very quick
A: horns 2, retaliatory headbutt, large bone plates 1, clarity, dopey 1,
inability to drink while threatened 1
}: 1/15 runes: barnacled
a: Renounce Religion, Berserk, Trog's Hand, Brothers in Arms


You were on level 2 of the Spider Nest.
You worshipped Trog.
Trog was exalted by your worship.
You visited 5 branches of the dungeon, and saw 29 of its levels.
You also visited: Bailey and Ice Cave.

You collected 3601 gold pieces.
You spent 546 gold pieces at shops.

Inventory:

Hand Weapons
 a - a +9 spectral trident
 b - a +7 vampiric demon trident (weapon)
 k - a +1 antimagic war axe
 E - the +8 dagger "Beastbane" {drain, +Blink}
   (You found it on level 2 of the Dungeon)

   A truly terrible weapon, it drains the life of any living foe it strikes.
   +Blink:    It lets you blink.
 G - a +1 trident of holy wrath
Missiles
 g - 2 silver javelins
 H - 14 throwing nets
 L - 4 silver boomerangs (quivered)
Armour
 c - a +3 chain mail of fire resistance
 o - +0 pearl dragon scales
 p - a +2 ring mail of poison resistance (worn)
 x - a +4 tower shield (worn)
 y - the +2 pair of boots "Pageh" (worn) {Rampage rC++}
   (You bought it in a shop on level 2 of the Orcish Mines)

   rC:        It greatly protects you from cold.
   Rampage:   It bestows one free step when moving towards enemies.
 A - a +1 pair of gloves (worn)
 B - a +2 cloak of preservation (worn)
 F - a +1 chain mail of willpower
 J - the +3 hat of Pondering (worn) {ponderous, Will+ MP+10 Int+5}
   (You took it off Gastronok on level 10 of the Dungeon)

   Int:       It affects your intelligence (+5).
   MP:        It affects your magic capacity (+10).
   Will:      It increases your willpower.
Jewellery
 l - a +4 ring of slaying
 w - the ring of the Tortoise (right hand) {AC+8}
   (You found it on level 15 of the Dungeon)

   [ring of protection]

   AC:        It affects your AC (+8).
 D - an amulet of regeneration (around neck)
 O - a ring of protection from fire (left hand)
 P - the ring "Jalidoshrym" {rC+ Int+6}
   (You found it in an ice cave)

   [ring of protection from cold]

   Int:       It affects your intelligence (+6).
   rC:        It protects you from cold.
 T - a ring of flight
 W - a +4 ring of evasion
 Y - a ring of see invisible
Wands
 d - a wand of mindburst (38)
 I - a wand of iceblast (27)
 K - a wand of flame (70)
 R - a wand of digging (7)
 S - a wand of acid (12)
 V - a wand of charming (11)
Scrolls
 f - 9 scrolls of immolation
 j - 3 scrolls of silence
 m - 8 scrolls of summoning
 n - a scroll of poison
 r - 7 scrolls of teleportation
 t - 2 scrolls of fog
 v - 6 scrolls of magic mapping
 N - 5 scrolls of vulnerability
 Q - 2 scrolls of blinking
 U - 2 scrolls of fear
 Z - a scroll of brand weapon
Potions
 e - 14 potions of curing
 h - 2 potions of might
 z - 2 potions of heal wounds
 C - 6 potions of cancellation
 M - 6 potions of mutation
Miscellaneous
 i - a phial of floods
 q - a piece from Xom's chessboard (15/15)
 s - a phantom mirror
 u - a lightning rod (4/4)
 X - a condenser vane


   Skills:
 + Level 16.1 Fighting
 - Level 4.9 Short Blades
 - Level 5.5(14.4) Axes
 * Level 20.3(20.6) Polearms
 - Level 2.4 Ranged Weapons
 + Level 13.0 Throwing
 + Level 15.4 Armour
 - Level 9.0 Dodging
 + Level 15.1 Shields
 + Level 11.4 Evocations


You had 17 spell levels left.
You didn't know any spells.
Your spell library contained the following spells:

 Spells                   Type           Power      Damage    Failure   Level
 Sandblast                Erth           0%         2d4       91%         1
 Blink                    Tloc           0%         N/A       97%         2
 Passwall                 Tmut/Erth      0%         N/A       97%         2
 Scorch                   Fire           0%         2d5       97%         2
 Static Discharge         Conj/Air       0%         3-3/arc   97%         2
 Sublimation of Blood     Necr           0%         N/A       97%         2
 Wereblood                Tmut           0%         N/A       97%         2
 Conjure Flame            Conj/Fire      0%         6-21      100%        3
 Dazzling Flash           Conj/Hex       0%         N/A       100%        3
 Gell's Gravitas          Tloc           0%         N/A       100%        3
 Ignite Poison            Fire/Tmut/Pois 0%         N/A       100%        3
 Lesser Beckoning         Tloc           0%         N/A       100%        3
 Stone Arrow              Conj/Erth      0%         3d7       100%        3
 Teleport Other           Tloc           0%         N/A       100%        3
 Tukima's Dance           Hex            0%         N/A       100%        3
 Animate Dead             Necr           0%         N/A       100%        4
 Cause Fear               Hex            0%         N/A       100%        4
 Dispel Undead            Necr           0%         3d6       100%        4
 Flame Wave               Conj/Fire      0%         2d4       100%        4
 Hailstorm                Conj/Ice       0%         3d3       100%        4
 Ice Form                 Ice/Tmut       0%         N/A       100%        4
 Iskenderun's Mystic Bla  Conj/Tloc      0%         2d3       100%        4
 Passage of Golubria      Tloc           0%         N/A       100%        4
 Sticky Flame             Conj/Fire      0%         2d3       100%        4
 Lightning Bolt           Conj/Air       0%         1d11      100%        5
 Manifold Assault         Tloc           0%         N/A       100%        5
 Silence                  Hex/Air        0%         N/A       100%        5
 Summon Forest            Summ/Tloc      0%         N/A       100%        5
 Summon Mana Viper        Hex/Summ       0%         N/A       100%        5
 Yara's Violent Unravell  Hex/Tmut       0%         3d3       100%        5
 Dispersal                Tloc           0%         N/A       100%        6
 Simulacrum               Ice/Necr       0%         N/A       100%        6
 Starburst                Conj/Fire      0%         6d3       100%        6
 Summon Cactus Giant      Summ           0%         N/A       100%        6
 Dragon Form              Tmut           0%         N/A       100%        7
 Haunt                    Necr/Summ      0%         N/A       100%        7
 Summon Hydra             Summ           0%         N/A       100%        7
 Infestation              Necr           0%         N/A       100%        8
 Lehudib's Crystal Spear  Conj/Erth      0%         10d2      100%        8
 Maxwell's Capacitive Co  Air            0%         ∞         100%        8
 Chain Lightning          Conj/Air       0%         N/A       100%        9
 Dragon's Call            Summ           0%         N/A       100%        9
 Fire Storm               Conj/Fire      0%         5d1       100%        9
 Shatter                  Erth           0%         3d5*      100%        9


Dungeon Overview and Level Annotations

Branches:
Dungeon (15/15)            Temple (0/1) D:6            Lair (6/6) D:8
 Shoals (4/4) Lair:2       Spider (2/4) Lair:3        Slime (0/5) Lair:6
    Orc (2/2) D:9             Elf (0/3) Orc:2        Vaults (0/5) D:14
 Depths (0/4) D:15         Bailey (visited)           IceCv (visited)

Altars:
Cheibriados
Dithmenos
Elyvilon
Fedhas
Gozag
Makhleb
Okawaru
Qazlal
Ru
Trog
Xom
Zin
The Shining One
Jiyva
Lugonu

Shops:
D:8 :   Orc:2 =[((   Shoals:1 (   Shoals:2 [

Portals:
Abyss: Lair:6


Innate Abilities, Weirdness & Mutations

You have a pair of horns on your head.
You reflexively headbutt those who attack you in melee.
You are partially covered in large bone plates. (SH +4)
You possess an exceptional clarity of mind.
You are dopey. (Int -2)
You occasionally lose the ability to drink potions when taking damage.


Message History

Your deep troll bites the entropy weaver!!
Your deep troll closely misses the entropy weaver.
Your deep troll claws the entropy weaver!
The jumping spider barely misses you. You furiously retaliate!
You headbutt the jumping spider!
You feel the power of Trog in you as your rage grows.
You kill the jumping spider!
Trog accepts your kill.
You stick the redback like a pincushion!!!
The redback is almost dead.
* * * LOW HITPOINT WARNING * * *
You feel extremely sick. You block the redback's attack.
The wolf spider hits your deep troll.
The wolf spider bites your deep troll but does no damage.
The entropy weaver casts a spell at you.
The entropic weave corrodes you! The redback bites you!
* * * LOW HITPOINT WARNING * * *
Your deep troll bites the wolf spider!!!
Your deep troll closely misses the wolf spider.
Your deep troll claws the wolf spider!!
The wolf spider dies!
Trog accepts your kill.
You impale the redback!!
You feel better.
You feel the power of Trog in you as your rage grows.
You kill the redback!
Trog accepts your kill.
* * * LOW HITPOINT WARNING * * *
You feel very sick.
You impale the entropy weaver!!
You feel better.
You kill the entropy weaver!
Trog accepts your kill.
Trog appreciates your killing of a magic user.
* * * LOW HITPOINT WARNING * * *
You feel very sick.
Your deep troll bites the jumping spider!!
The jumping spider dies!
Trog accepts your kill.
Your Throwing skill increases to level 13!
You are too berserk!
You die...

#.........#
#........#
#..†....#
#...<...# ?#
##......# ..^#
##.....#
.....####....##
#......^...<.#
#.....@†...##
##..†T††.^.#
#....°..###
#...s^###
.^......
.#.#.#.#.
...#..# # .#
#^#


You could see an orb spider and a friendly deep troll (summoned, berserk).

Vanquished Creatures
  Nikola (Shoals:3)
  Jorgrun (D:15)
  Mlioglotl (Shoals:3)
  Gastronok (D:10)
  4 krakens
  Ilsuiw (Shoals:2)
  An iron dragon (D:15)
  Louise (Shoals:2)
  A ghost moth (Spider:2)
  An orc warlord (Orc:1)
  Aizul (Shoals:2)
  Azrael (D:15)
  A spark wasp (Spider:2)
  An entropy weaver (Spider:2)
  The ghost of Rucothra the Fighter, a journeyman DjFE of Ashenzari (Lair:1)
  Snorg (Orc:2)
  7 merfolk javelineers
  8 merfolk impalers
  Erolcha (Orc:1)
  5 hydras
  4 vault guards (D:14)
  2 boulder beetles
  2 catoblepae
  4 ogre magi (Orc:2)
  3 ice dragons
  7 centaur warriors
  Harold (D:10)
  An alligator snapping turtle (Shoals:2)
  7 merfolk avatars
  A radroach (Spider:1)
  A death knight (D:13)
  18 two-headed ogres
  5 merfolk aquamancers
  6 death yaks
  4 satyrs
  Erica (D:9)
  A tengu warrior (D:14)
  2 thrashing horrors (Lair:6)
  Nergalle (Lair:1)
  Lodul (D:12)
  3 skeletal warriors (D:14)
  3 sun moths (Spider:1)
  8 iron trolls (D:15)
  7 sea snakes
  2 steelbarb worms (Spider:1)
  2 bog bodies (IceCv)
  2 large abominations (Lair:6)
  An orb spider (Spider:1)
  Pikel (D:9)
  23 harpies
  A deep elf pyromancer (D:10)
  9 wolf spiders
  5 orc knights
  10 fauns
  17 manticores
  An oklob plant (Lair:6)
  An orc sorcerer (Orc:2)
  6 cyclopes
  11 ugly things
  9 merfolk sirens
  9 water nymphs
  21 elephants
  2 ice statues
  A moth of wrath (Spider:1)
  8 black mambas
  A guardian serpent (shapeshifter) (Lair:6)
  2 torpor snails
  14 cane toads
  A smoke demon (Lair:6)
  4 anaconda simulacra (IceCv)
  8 komodo dragons
  4 rime drakes
  2 efreet (D:13)
  An ancient zyme (Lair:6)
  An entropy weaver simulacrum (IceCv)
  3 meliai (D:15)
  A queen bee (shapeshifter) (D:15)
  58 merfolk
  10 trolls
  5 wind drakes
  4 slime creatures
  7 tarantellas
  A hornet (D:9)
  A wind drake (shapeshifter) (D:15)
  31 blink frogs
  6 dream sheep (Shoals:4)
  11 snapping turtles
  5 jumping spiders
  2 ynoxinuls (Lair:6)
  A vampire (D:10)
  2 dire elephant simulacra (IceCv)
  A spriggan (Lair:6)
  11 water elementals
  6 wyverns
  4 wraiths
  6 culicivoras
  A shadow (D:11)
  5 basilisks
  Grum (D:9)
  8 humans (D:14)
  2 fire elementals (D:15)
  44 yaks
  8 vampire mosquitoes
  2 chaos spawn (Lair:6)
  18 redbacks
  A steam dragon (D:8)
  3 death yak simulacra (IceCv)
  3 wargs (Orc:1)
  2 acid dragons
  23 water moccasins
  2 hell hounds (D:15)
  7 black bears
  5 ice beasts
  2 sky beasts
  25 orc warriors
  18 wolves
  30 ogres
  A phantom (D:6)
  6 centaurs
  11 small abominations (Lair:6)
  A lemure (D:9)
  3 kobold brigands
  Blork the orc (D:5)
  9 bullfrogs
  6 two-headed ogre simulacra (IceCv)
  2 gnoll sergeants
  7 scorpions
  23 wights
  Dowan (D:5)
  23 killer bees
  2 elephant simulacra (IceCv)
  4 howler monkeys
  6 electric eels
  9 hounds
  5 jellies
  Crazy Yiuf (D:5)
  12 orc priests
  3 iguanas
  Ijyb (D:5)
  26 orc wizards
  2 hell rats (D:13)
  4 polar bear simulacra (IceCv)
  2 spriggan simulacra (IceCv)
  4 troll simulacra (IceCv)
  3 wolf simulacra (IceCv)
  Robin (D:2)
  17 gnolls
  8 adders
  9 naga simulacra (IceCv)
  A shadow imp (D:3)
  6 white imps
  11 ufetubi
  3 worms
  A dart slug (D:1)
  83 orcs
  19 ball pythons
  9 endoplasms
  5 giant cockroaches
  10 hobgoblins
  10 jackals
  20 kobolds
  4 quokkas
  6 bats
  3 frilled lizards (D:1)
  20 goblins
  6 rats
  A starspawn tentacle (Shoals:3)
  A tentacle (Shoals:2)
1131 creatures vanquished.

Vanquished Creatures (collateral kills)
  2 krakens
  Kirke (D:15)
  An emperor scorpion (Spider:2)
  Nessos (D:15)
  The ghost of bande the Cleaver, a novice GrFi of Okawaru (D:12)
  2 orc knights (Orc:2)
  An orc sorcerer (Orc:1)
  A wolf spider (Spider:2)
  2 elephants (Lair:6)
  A moth of wrath (Spider:2)
  2 merfolk (Shoals:2)
  2 blink frogs (Lair:6)
  A tarantella (Spider:2)
  A jumping spider (Spider:2)
  2 fire elementals (D:15)
  2 vampire mosquitoes (D:13)
  A warg (D:12)
  Duvessa (D:5)
  A hell hound (D:15)
  7 orc warriors
  A wolf (D:9)
  3 ogres (D:12)
  A kobold brigand (D:10)
  A bullfrog (D:7)
  A necrophage (D:5)
  A scorpion (D:5)
  4 orc priests
  2 hell rats (D:13)
  3 orc wizards
  15 orcs
  6 kobolds
  7 tentacles
78 creatures vanquished.

Vanquished Creatures (others)
  A merfolk aquamancer (Shoals:4)
  2 orcs
  12 fungi
  81 plants
  3 starspawn tentacles (Shoals:3)
  44 tentacles
143 creatures vanquished.

Grand Total: 1352 creatures vanquished

Notes
Turn   | Place    | Note
-------+----------+-------------------------------------------
     0 | D:1      | wingedge the Minotaur Berserker began the quest for the
                  | Orb.
     0 | D:1      | Reached XP level 1. HP: 19/19 MP: 0/0
     0 | D:1      | Found a faded altar of an unknown god.
   124 | D:1      | Reached XP level 2. HP: 27/27 MP: 1/1
   289 | D:1      | Reached ** piety under Trog
   293 | D:1      | Reached XP level 3. HP: 22/33 MP: 2/2
   982 | D:2      | Noticed Robin
   989 | D:2      | Reached XP level 4. HP: 40/40 MP: 3/3
  1007 | D:2      | Killed Robin
  1008 | D:2      | Reached skill level 5 in Axes
  1053 | D:2      | Reached skill level 1 in Throwing
  1175 | D:2      | Reached XP level 5. HP: 42/47 MP: 4/4
  1304 | D:2      | Identified the +8 dagger "Beastbane" {drain, +Blink}
  1410 | D:3      | Reached *** piety under Trog
  1730 | D:3      | Reached skill level 1 in Short Blades
  2042 | D:3      | Found a stormy altar of Qazlal.
  2432 | D:4      | Reached skill level 1 in Ranged Weapons
  2458 | D:4      | Reached skill level 1 in Shields
  2458 | D:4      | Reached XP level 6. HP: 31/55 MP: 5/5
  2944 | D:4      | Reached **** piety under Trog
  3152 | D:5      | Entered Level 5 of the Dungeon
  3330 | D:5      | Found a blossoming altar of Fedhas.
  3348 | D:5      | Reached skill level 5 in Fighting
  3348 | D:5      | Reached XP level 7. HP: 61/61 MP: 6/6
  3482 | D:5      | Found a shimmering altar of Xom.
  3482 | D:5      | Found an iron altar of Okawaru.
  3582 | D:5      | Identified the +0 leather armour "Vemnol" {-Tele rPois rN+}
  3613 | D:5      | Noticed Ijyb
  3630 | D:5      | Killed Ijyb
  3819 | D:5      | Noticed Duvessa
  3819 | D:5      | Noticed Dowan
  3825 | D:5      | Killed Duvessa
  3826 | D:5      | Reached skill level 5 in Armour
  3833 | D:5      | Reached XP level 8. HP: 64/69 MP: 7/7
  3835 | D:5      | Killed Dowan
  3836 | D:5      | Reached skill level 1 in Evocations
  3969 | D:5      | Noticed Blork the orc
  3974 | D:5      | Killed Blork the orc
  4085 | D:5      | Found a runed translucent door.
  4086 | D:5      | Noticed Crazy Yiuf
  4091 | D:5      | Killed Crazy Yiuf
  4370 | D:6      | Found a staircase to the Ecumenical Temple.
  4640 | D:6      | Reached skill level 1 in Polearms
  4640 | D:6      | Reached skill level 5 in Shields
  4768 | D:6      | Reached skill level 2 in Polearms
  5298 | D:6      | Reached XP level 9. HP: 77/77 MP: 8/8
  5343 | D:6      | Reached skill level 3 in Polearms
  5426 | D:6      | Found a sacrificial altar of Ru.
  5623 | D:7      | Found a flagged portal.
  5664 | D:7      | Reached skill level 4 in Polearms
  5691 | Bailey   | Entered a bailey
  5765 | Bailey   | Reached ***** piety under Trog
  5838 | Bailey   | Reached skill level 5 in Throwing
  5844 | Bailey   | Noticed an orc knight
  5852 | Bailey   | Killed an orc knight
  5853 | Bailey   | Reached skill level 5 in Polearms
  6174 | D:7      | Reached XP level 10. HP: 86/86 MP: 9/9
  6348 | D:7      | Reached skill level 6 in Polearms
  6364 | D:7      | Found a snail-covered altar of Cheibriados.
  6610 | D:7      | Gained mutation: You are partially covered in large bone
                  | plates. (SH +4) [potion of mutation]
  6610 | D:7      | Gained mutation: You possess an exceptional clarity of
                  | mind. [potion of mutation]
  6620 | D:8      | Found a staircase to the Lair.
  6852 | D:8      | Reached skill level 7 in Polearms
  7062 | D:8      | Received a gift from Trog
  7263 | D:8      | Found Buusijius's Self-Improvement Boutique.
  7400 | D:8      | Found a burning altar of Makhleb.
  7574 | D:9      | Found a staircase to the Orcish Mines.
  7604 | D:9      | Reached skill level 8 in Polearms
  7605 | D:9      | Noticed Grum
  7624 | D:9      | Killed Grum
  7625 | D:9      | Reached XP level 11. HP: 95/95 MP: 10/10
  7629 | D:9      | Noticed a two-headed ogre
  7639 | D:9      | Killed a two-headed ogre
  7722 | D:9      | Found a bloodstained altar of Trog.
  7834 | D:9      | Found a shadowy altar of Dithmenos.
  7947 | D:9      | Reached skill level 5 in Evocations
  8113 | D:9      | Noticed Erica
  8117 | D:9      | Reached skill level 9 in Polearms
  8120 | D:9      | Killed Erica
  8268 | D:9      | Noticed Pikel
  8273 | D:9      | Killed Pikel
  8663 | D:10     | Entered Level 10 of the Dungeon
  8665 | D:10     | Noticed a deep elf pyromancer
  8675 | D:10     | Killed a deep elf pyromancer
  8692 | D:10     | Found a white marble altar of Elyvilon.
  8756 | D:10     | Found a glowing golden altar of the Shining One.
  9110 | D:10     | Noticed a two-headed ogre
  9116 | D:10     | Killed a two-headed ogre
  9167 | D:10     | Found an opulent altar of Gozag.
  9167 | D:10     | Found a glowing silver altar of Zin.
  9292 | D:10     | Reached skill level 10 in Polearms
  9320 | D:10     | Noticed Harold
  9329 | D:10     | Killed Harold
  9514 | D:10     | Noticed Gastronok
  9522 | D:10     | Killed Gastronok
 10005 | D:11     | Noticed a two-headed ogre
 10010 | D:11     | Killed a two-headed ogre
 10011 | D:11     | Reached XP level 12. HP: 105/105 MP: 11/11
 10107 | D:11     | Noticed a two-headed ogre
 10111 | D:11     | Killed a two-headed ogre
 10231 | D:11     | Identified the +4 war axe "Huohioli" {drain, rCorr}
 10830 | D:12     | Noticed a four-headed hydra
 10841 | D:12     | Killed a four-headed hydra
 10874 | D:12     | Noticed a seven-headed hydra
 10883 | D:12     | Killed a seven-headed hydra
 10884 | D:12     | Reached skill level 11 in Polearms
 10923 | D:12     | Noticed a two-headed ogre
 10933 | D:12     | Killed a two-headed ogre
 10934 | D:12     | Reached skill level 10 in Fighting
 11219 | D:12     | Found a runed translucent gate.
 11219 | D:12     | Found a runed translucent gate.
 11220 | D:12     | Found a runed translucent gate.
 11223 | D:12     | Identified the +8 plate armour "Foidgh" {Will+}
 11261 | D:12     | Noticed Lodul
 11264 | D:12     | Reached skill level 10 in Armour
 11270 | D:12     | Killed Lodul
 11539 | D:12     | Noticed bande's ghost (novice GrFi)
 11540 | D:12     | Identified the +5 lajatang "Killer Bee's Foe" {protect,
                  | rElec rF++}
 11737 | D:12     | Killed bande's ghost
 11901 | D:13     | Reached skill level 10 in Shields
 11902 | D:13     | Reached skill level 12 in Polearms
 11940 | D:13     | Noticed a death knight
 11949 | D:13     | Killed a death knight
 12044 | D:13     | Noticed a centaur warrior
 12054 | D:13     | Killed a centaur warrior
 12192 | D:13     | Reached XP level 13. HP: 114/114 MP: 12/12
 12836 | Orc:1    | Entered Level 1 of the Orcish Mines
 12839 | Orc:1    | Noticed an orc warlord
 13106 | Orc:1    | Killed an orc warlord
 13175 | Orc:1    | Noticed Erolcha
 13186 | Orc:1    | Killed Erolcha
 13194 | Orc:1    | Reached skill level 13 in Polearms
 13222 | Orc:1    | Found a frozen archway.
 13231 | IceCv    | Entered an ice cave
 13772 | IceCv    | Found the +4 skin of Zhor {*Englaciate rC+++ SInv}
 13798 | IceCv    | Identified the ring "Jalidoshrym" {rC+ Int+6}
 13827 | IceCv    | Identified the ring of the Past {rCorr Int+6 Stlth+}
 14192 | Orc:2    | Entered Level 2 of the Orcish Mines
 14233 | Orc:2    | Noticed Snorg
 14241 | Orc:2    | Killed Snorg
 14377 | Orc:2    | Received a gift from Trog
 14454 | Orc:2    | Reached skill level 14 in Polearms
 14472 | Orc:2    | Reached XP level 14. HP: 125/125 MP: 13/13
 14602 | Orc:2    | Found Asezeo's Antique Weapon Emporium.
 14602 | Orc:2    | Found Ownut's Armour Boutique.
 14607 | Orc:2    | Found Wyfi's Weapon Boutique.
 14607 | Orc:2    | Found Sitiuxot's Jewellery Shoppe.
 14615 | Orc:2    | Bought the +2 pair of boots "Pageh" {Rampage rC++} for 546
                  | gold pieces
 14742 | Orc:2    | Found a staircase to the Elven Halls.
 15403 | Lair:1   | Entered Level 1 of the Lair of Beasts
 15582 | Lair:1   | Reached skill level 15 in Polearms
 15582 | Lair:1   | Reached XP level 15. HP: 135/135 MP: 14/14
 15630 | Lair:1   | Noticed Nergalle
 15638 | Lair:1   | Killed Nergalle
 15776 | Lair:1   | Found a runed translucent door.
 15960 | Lair:1   | Noticed Rucothra's ghost (journeyman DjFE)
 16037 | Lair:1   | Killed Rucothra's ghost
 16038 | Lair:1   | Reached skill level 10 in Throwing
 16107 | Lair:2   | Identified the +1 scale mail of the Desolation of Salt {rN+
                  | Dex+3}
 16773 | Lair:2   | Found a staircase to the Shoals.
 16859 | Lair:3   | Found a hole to the Spider Nest.
 16899 | Lair:3   | Reached skill level 16 in Polearms
 16969 | Lair:3   | Got Etiqyxt's Tractate on Peregrination
 17024 | Lair:3   | Identified the +6 chain mail of Youthful Indiscretion {MP+9
                  | Int+4 Dex-3}
 17129 | Lair:3   | Identified the +8 scimitar of Mebb {speed, Drain Int+3
                  | Dex+3}
 17305 | Lair:3   | Received a gift from Trog
 18085 | Lair:4   | Identified the ring of Ibulua {Int+6 Dex+2}
 18784 | Lair:5   | Reached XP level 16. HP: 127/145 MP: 15/15
 19049 | Lair:6   | Entered Level 6 of the Lair of Beasts
 19066 | Lair:6   | Received a gift from Trog
 19247 | Lair:6   | Reached skill level 5 in Dodging
 19396 | Lair:6   | Identified the +6 flail "Gigesow" {flame, Stlth+}
 19495 | Lair:6   | Reached skill level 17 in Polearms
 19506 | Lair:6   | Found a viscous altar of Jiyva.
 19507 | Lair:6   | Found a staircase to the Slime Pits.
 19590 | Lair:6   | Received a gift from Trog
 20154 | Lair:6   | Found a corrupted altar of Lugonu.
 20154 | Lair:6   | Found a one-way gate to the infinite horrors of the Abyss.
 20728 | D:14     | Found a gate to the Vaults.
 21468 | D:14     | Reached ****** piety under Trog
 21742 | D:15     | Entered Level 15 of the Dungeon
 21743 | D:15     | Identified the +7 whip of Zin's Hatred {speed, rPois rC+
                  | Will+ Dex-2}
 21819 | D:15     | Received a gift from Trog
 21895 | D:15     | Identified the +9 hand axe "Riecask" {spect, Stlth+}
 21923 | D:15     | Noticed Nessos
 21934 | D:15     | Killed Nessos
 22246 | D:15     | Found the ring of the Tortoise {AC+8}
 22334 | D:15     | Reached XP level 17. HP: 148/154 MP: 16/16
 22358 | D:15     | Noticed Azrael
 22367 | D:15     | Killed Azrael
 22390 | D:15     | Noticed Kirke
 22397 | D:15     | Killed Kirke
 22541 | D:15     | Reached skill level 18 in Polearms
 22544 | D:15     | Found a staircase to the Depths.
 22617 | D:15     | Noticed Jorgrun
 22629 | D:15     | Killed Jorgrun
 23086 | Shoals:1 | Entered Level 1 of the Shoals
 23191 | Shoals:1 | Reached skill level 10 in Evocations
 23429 | Shoals:1 | Found Bodevi Xosey's Weapon Shoppe.
 24117 | Shoals:2 | Received a gift from Trog
 24147 | Shoals:2 | Found Semiwal's Armour Boutique.
 24152 | Shoals:2 | Noticed Louise
 24154 | Shoals:2 | Noticed Aizul
 24166 | Shoals:2 | Killed Aizul
 24173 | Shoals:2 | Killed Louise
 24492 | Shoals:2 | Noticed a kraken
 24510 | Shoals:2 | Noticed a kraken
 24511 | Shoals:2 | Killed a kraken
 24540 | Shoals:2 | Killed a kraken
 24690 | Shoals:2 | Found a runed translucent door.
 24690 | Shoals:2 | Noticed Ilsuiw
 24696 | Shoals:2 | Noticed a kraken
 24705 | Shoals:2 | Reached skill level 15 in Fighting
 24712 | Shoals:2 | Killed a kraken
 24729 | Shoals:2 | Noticed a kraken
 24735 | Shoals:2 | Killed a kraken
 24778 | Shoals:2 | Killed Ilsuiw
 25508 | Shoals:3 | Reached skill level 19 in Polearms
 25581 | Shoals:3 | Received a gift from Trog
 25968 | Shoals:3 | Noticed Nikola
 25971 | Shoals:3 | Noticed Mlioglotl
 25983 | Shoals:3 | Gained mutation: You occasionally lose the ability to drink
                  | potions when taking damage. [a neqoxec]
 25984 | Shoals:3 | Killed Nikola
 25985 | Shoals:3 | Gained mutation: You are dopey. (Int -2) [a neqoxec]
 26010 | Shoals:3 | Noticed a kraken
 26021 | Shoals:3 | Killed a kraken
 26041 | Shoals:3 | Reached XP level 18. HP: 60/163 MP: 17/17
 26159 | Shoals:3 | Killed Mlioglotl
 26365 | Shoals:4 | Entered Level 4 of the Shoals
 27060 | Shoals:4 | Received a gift from Trog
 27519 | Shoals:4 | Reached skill level 15 in Armour
 27537 | Shoals:4 | Got a barnacled rune of Zot
 27787 | Shoals:3 | Reached skill level 20 in Polearms
 27898 | Spider:1 | Entered Level 1 of the Spider Nest
 28028 | Spider:1 | Received a gift from Trog
 28360 | Spider:1 | Reached skill level 15 in Shields
 28851 | Spider:2 | Received a gift from Trog
 28861 | Spider:2 | HP: 9/249 [poisoned by an emperor scorpion]
 28861 | Spider:2 | HP: 1/249 [redback (8)]
 28864 | Spider:2 | Succumbed to an emperor scorpion's poison

Illustrated notes

Levels and vault maps discovered:
D:1:      erik_arrival_blinker_ship, layout_rooms, basic_ecumenical_altar,
          chequers_serial_rivers_micro_b, hex_intersection, minmay_surrounded
D:2:      layout_rooms, minmay_shallow_snake_nest, uniq_robin
D:3:      wad_river_or_something, layout_loops_ring, general_overflow_altar,
          minmay_misc_feat_doors, minmay_misc_feat_chi,
          chequers_serial_rivers_micro_e, nicolae_elevator_lobby_asterisk
D:4:      layout_cave_pools, hangedman_decor_points
D:5:      layout_basic, mainiacjoe_overflow_divided_tiny,
          mainiacjoe_overflow_boulevard, grunt_ministairs_2, minivault_27,
          kennysheep_another_room, minmay_manual_mares, uniq_crazy_yiuf_cottage,
          uniq_blork_the_orc, uniq_ijyb, uniq_duvessa
D:6:      layout_layer_cave, nicolae_ru_path_of_blood, minmay_temple_entry_glass
D:7:      layout_cave_pools, lemuel_coloured_pillars_altar, enter_bailey_5,
          minivault_5
D:8:      layout_basic, mainiacjoe_overflow_alcove_4, erik_lair_island,
          glass_columns_a, moated_statue, nicolae_shop_self_help
D:9:      layout_basic, kennysheep_little_box, trog_ov_bears_minmay,
          minmay_orc_entry_temple_small, uniq_erica, uniq_grum, uniq_pikel
D:10:     layout_stronghold, grunt_temple_overflow_gold_and_silver,
          old_standard_altar, lemuel_round_altar, uniq_harold, uniq_gastronok
D:11:     layout_loops_corners
D:12:     layout_irregular_city, biasface_ghost_orc_armoury, uniq_lodul
D:13:     wad_woods_tower, layout_irregular_city
D:14:     layout_loops_corners, ximxim_vaults_locker_room, nicolae_eternal_life,
          grunt_decor_resistance, nicolae_concentric_dashed_squares_mild
D:15:     grunt_enter_depths_hoard, layout_irregular_city,
          chequers_serial_rivers_small_a, minivault_26,
          minmay_guarded_unrand_tortoise, uniq_jorgrun, uniq_nessos,
          uniq_azrael, uniq_kirke
Lair:1:   layout_misc_corridors, ebering_ghost_inner_flame, serial_forest,
          infiniplex_forest_corner_2, infiniplex_forest_zigzag_1,
          infiniplex_forest_end_1, infiniplex_forest_straight_4, uniq_nergalle
Lair:2:   layout_roguey, minmay_shoals_entry_hut
Lair:3:   layout_misc_corridors, nicolae_spider_entry_non_spiders, ice2_lemuel
Lair:4:   layout_loops_ring, infiniplex_staircase_pool
Lair:5:   layout_hall_layers
Lair:6:   hellmonk_lair_end_abyssal_woods, layout_cave_shapes,
          minmay_slime_entry_pillars, grunt_megastairs_3, serial_bayou_shore_b,
          infiniplex_staircase_pool_2
Shoals:1: layout_shoals, serial_shops, nicolae_shop_crystal
Shoals:2: nicolae_shoals_lighthouse, layout_shoals, serial_shops,
          nicolae_take_the_stairs, nicolae_shoals_nautilus_by_nature,
          uniq_ilsuiw, uniq_louise, uniq_aizul
Shoals:3: layout_shoals, nicolae_shoals_stone_sculpture_thing, uniq_nikola,
          uniq_mlioglotl
Shoals:4: shoals_end_hangedman, layout_shoals, nicolae_shoals_wave_tunnel
Spider:1: nicolae_spider_hilbert_zone_4 [nicolae_spider_hilbert_4_sides_2_open,
          nicolae_spider_hilbert_4_sides_1_open,
          nicolae_spider_hilbert_4_sides_1_open,
          nicolae_spider_hilbert_4_sides_1_open,
          nicolae_spider_hilbert_4_sides_1_open,
          nicolae_spider_hilbert_2_sides_1_open,
          nicolae_spider_hilbert_2_sides_1_open,
          nicolae_spider_hilbert_2_sides_1_open,
          nicolae_spider_hilbert_2_sides_1_open,
          nicolae_spider_hilbert_6_sides_1_open,
          nicolae_spider_hilbert_6_sides_1_open,
          nicolae_spider_hilbert_3_sides_1_open,
          nicolae_spider_hilbert_3_sides_1_open]
Spider:2: layout_cave_pods, nicolae_spider_some_kinda_spiderbox
Orc:1:    layout_diamond_mine, portal_ice_cave_rime, uniq_erolcha
Orc:2:    st_orc_ogre_mass, layout_diamond_mine, uniq_snorg

Skill      XL: |  1  2  3  4  5  6  7  8  9 10 11 12 13 14 15 16 17 18 |
---------------+-------------------------------------------------------+-----
Axes           | 4 5 |  5.5
Fighting       | 4 5 6 7 8 9 10 11 13 14 15 16 | 16.1
Armour         | 3 4 5 7 8 9 10 11 12 13 14 15 | 15.4
Throwing       | 1 2 3 4 5 6 7 8 9 10 11 12 13 | 13.0
Short Blades   | 1 2 4 |  4.9
Ranged Weapons | 1 2 |  2.4
Shields        | 1 2 3 5 6 7 9 10 11 12 13 14 15 | 15.1
Evocations     | 2 3 4 5 6 8 9 10 11 | 11.4
Polearms       | 2 5 8 10 12 14 15 16 17 19 20 | 20.3
Dodging        | 3 4 7 9 |  9.0

Action                   |  1- 3 |  4- 6 |  7- 9 | 10-12 | 13-15 | 16-18 || total
-------------------------+-------+-------+-------+-------+-------+-------++-------
Melee: Hand axe          |    76 |    54 |    10 |       |       |       ||   140
       Headbutt          |     8 |    23 |    42 |    50 |   112 |   342 ||   577
       Dagger            |       |   118 |    84 |       |       |       ||   202
       Punch             |       |     1 |       |       |       |       ||     1
       Trident           |       |       |   189 |   355 |   641 |  1258 ||  2443
       Demon trident     |       |       |       |       |       |   173 ||   173
 Fire: Shortbow          |       |       |     3 |       |       |       ||     3
Throw: Javelin           |       |       |     3 |    24 |     3 |       ||    30
       Boomerang         |       |       |       |    12 |     2 |       ||    14
       Dart              |       |       |       |     3 |       |       ||     3
       Throwing net      |       |       |       |     3 |       |     1 ||     4
Invok: Berserk           |       |       |     4 |     6 |     8 |     9 ||    27
       Brothers in Arms  |       |       |     2 |     7 |     2 |     4 ||    15
       Trog's Hand       |       |       |     2 |     4 |     3 |     5 ||    14
Evoke: Wand              |       |       |       |     1 |     8 |       ||     9
       Condenser vane    |       |       |       |       |     1 |     1 ||     2
       Phantom mirror    |       |       |       |       |       |     4 ||     4
       Piece from Xom's  |       |       |       |       |       |     3 ||     3
  Use: Scroll            |       |       |    12 |     8 |    13 |    10 ||    43
       Potion            |       |       |       |     9 |     3 |     4 ||    16
 Stab: Distracted        |       |       |       |     5 |    13 |    30 ||    48
       Invisible         |       |       |       |     2 |       |     3 ||     5
Armor: Plate armour      |    34 |    97 |   201 |       |       |       ||   332
       Pearl dragon scal |       |       |     6 |   112 |    57 |    66 ||   241
       Ring mail         |       |       |       |       |    29 |   182 ||   211
       Chain mail        |       |       |       |       |       |   305 ||   305
Dodge: Dodged            |    43 |    73 |   151 |   104 |    99 |   363 ||   833
Block: Tower shield      |       |    57 |   226 |   316 |   358 |  1613 ||  2570

Table legend: (Time is in decaauts)
 A = Elapsed time spent in this place.
 B = Non-inter-level travel time spent in this place.
 C = Inter-level travel time spent in this place.
 D = Time resting spent in this place.
 E = Time spent auto-exploring this place.
 F = Levels seen in this place.
 G = Mean time per level.
                   A        B        C        D        E       F      G
               +--------+--------+--------+--------+--------+-----+--------+
         Total |  30378 |  28283 |   2095 |   1837 |  18056 |  31 |  979.9 |
       Dungeon |  16315 |  15121 |   1194 |   1046 |  10056 |  15 | 1087.7 |
          Lair |   5474 |   5078 |    396 |     34 |   3577 |   6 |  912.3 |
        Shoals |   4925 |   4599 |    326 |    579 |   2446 |   4 | 1231.2 |
   Spider Nest |    988 |    972 |     16 |      0 |    698 |   2 |  494.0 |
  Orcish Mines |   1680 |   1518 |    162 |     85 |    948 |   2 |  840.0 |
        Bailey |    221 |    221 |      0 |      0 |     20 |   1 |  221.0 |
      Ice Cave |    770 |    770 |      0 |     92 |    309 |   1 |  770.0 |
               +--------+--------+--------+--------+--------+-----+--------+

Top non-repeatable levels by time:
Shoals:2: 1577 daAuts
     D:9: 1512 daAuts
Shoals:4: 1420 daAuts
     D:6: 1373 daAuts
  Lair:6: 1358 daAuts
    D:10: 1329 daAuts
    D:14: 1300 daAuts
    D:15: 1239 daAuts
     D:5: 1165 daAuts
    D:11: 1142 daAuts
    D:12: 1132 daAuts
     D:3: 1063 daAuts
    D:13: 1047 daAuts
Shoals:3: 1031 daAuts
   Orc:2: 1001 daAuts
